Map: Frost LE

Players

Elazer

  • Race: Zerg Zerg
  • League: Grandmaster

PtitDrogo - Winner!

  • Race: Protoss Protoss
  • League: Grandmaster

Event: The PiG Daily 35

VOD

https://www.youtube.com/watch?v=FsC43sBAof0

Description

Time

  • Played on: July 6, 2016, 4:31 p.m.
  • Length: 12:42

All games in this series

Show
View Real Time Build Order
Export as new Build Order

Elazer Zerg 

Build Orders: Hatch First, Lurkers 

Get SALT Encoding   

  12  0:00  Drone  
  13  0:12  Overlord  
  13  0:18  Drone  
  14  0:31  Drone x2  
  14  0:34  Drone  
  17  0:52  Hatchery  
  17  0:54  Drone  
  17  0:57  Drone  
  18  1:08  Extractor  
  17  1:12  Spawning Pool  
  17  1:16  Drone  
  17  1:21  Drone  
  18  1:28  Drone  
  19  1:42  Overlord  
  19  1:52  Drone  
  20  2:00  Drone  
  21  2:02  Queen  
  21  2:04  Queen, Zergling x2  
  26  2:08  Metabolic Boost  
  26  2:10  Drone  
  26  2:15  Drone  
  28  2:21  Drone  
  29  2:29  Drone  
  30  2:31  Drone  
  30  2:37  Drone  
  32  2:44  Hatchery  
  31  2:47  Pneumatized Carapace  
  32  2:51  Zergling x2  
  32  2:57  Overlord  
  32  2:59  Drone  
  32  3:00  Drone  
  34  3:06  Drone  
  34  3:09  Drone  
  36  3:16  Drone x5  
  36  3:18  Drone  
  42  3:27  Overlord  
  42  3:34  Queen  
  42  3:38  Overlord  
  44  3:45  Drone  
  44  3:46  Drone  
  45  3:50  Extractor, Roach Warren  
  43  3:56  Zergling x12  
  49  4:07  Drone x2  
  49  4:09  Drone  
  52  4:10  Spine Crawler  
  51  4:17  Overlord  
  51  4:21  Lair  
  51  4:24  Overlord  
  51  4:30  Roach x3  
  51  4:31  Roach x3  
  63  4:33  Roach  
  63  4:35  Roach  
  63  4:38  Drone x2  
  69  4:39  Drone x2  
  69  4:42  Drone  
  72  4:48  Overlord  
  72  4:50  Drone x2  
  73  4:59  Drone x3  
  77  5:00  Drone x2  
  77  5:01  Drone x2  
  77  5:03  Drone  
  77  5:04  Drone  
  78  5:09  Drone  
  78  5:12  Burrow  
  78  5:13  Drone  
  80  5:18  Glial Reconstitution  
  80  5:21  Extractor  
  80  5:23  Extractor  
  80  5:25  Drone x3  
  80  5:28  Drone  
  82  5:32  Hatchery  
  82  5:33  Drone x3  
  84  5:36  Overlord  
  84  5:44  Drone  
  84  5:45  Drone  
  84  5:47  Drone  
  84  5:48  Extractor, Hydralisk Den  
  85  5:50  Drone x3  
  85  5:54  Hatchery, Overlord  
  85  5:56  Extractor, Drone  
  87  5:57  Drone x3  
  87  6:03  Roach x3  
  96  6:08  Drone  
  96  6:10  Evolution Chamber  
  96  6:11  Overlord  
  96  6:13  Drone x3  
  99  6:23  Roach x3  
  104  6:26  Lurker Den  
  104  6:27  Overlord  
  104  6:31  Overlord  
  104  6:42  Overlord  
  104  6:43  Roach x5  
  104  6:45  Zerg Missile Weapons Level 1  
  113  6:51  Overlord  
  113  6:52  Roach  
  113  6:53  Roach x6  
  127  7:02  Overlord  
  127  7:03  Overlord x2  
  127  7:07  Roach x6  
  139  7:17  Overlord x3  
  139  7:19  Roach  
  139  7:20  Roach x3  
  147  7:26  Roach x2  
  151  7:33  Hydralisk x5  
  161  7:38  Zergling x2  
  161  7:39  Zergling x8  
  161  7:43  Ravager x2  
  161  7:44  Ravager x4  
  172  7:48  Ravager  
  169  7:54  Ravager  
  170  8:03  Roach x2, Zergling x10  
  170  8:04  Zergling x12  
  181  8:15  Muscular Augments, Overlord x4  
  181  8:16  Overseer  
  181  8:21  Overlord  
  181  8:25  Hatchery  
  176  8:35  Lurker  
  176  8:36  Lurker x3  
  176  8:39  Hydralisk x3  
  176  8:40  Hydralisk  
  185  8:51  Hydralisk x4  
  178  9:02  Hydralisk x2  
  178  9:03  Hydralisk  
  178  9:07  Zergling x10  
  178  9:08  Zergling x6  
  186  9:13  Zerg Missile Weapons Level 2  
  186  9:14  Hydralisk x3  
  167  9:19  Roach x3  
  167  9:21  Hydralisk x3, Roach x9  
  158  9:43  Hydralisk x2  
  158  9:44  Hydralisk x5  
  127  9:53  Hydralisk x4  
  119  10:04  Zergling x2  
  119  10:05  Lurker, Zergling x8  
  119  10:06  Lurker  
  120  10:17  Hydralisk x4  
  120  10:21  Extractor, Queen  
  119  10:22  Extractor  
  119  10:23  Drone x3  
  119  10:25  Lurker  
  119  10:28  Overseer  
  120  10:29  Zergling x2  
  120  10:30  Zergling x18  
  131  10:36  Lurker  
  131  10:42  Lurker  
  132  10:47  Overlord  
  132  10:50  Hydralisk  
  132  10:51  Hydralisk x3  
  140  10:57  Lurker  
  141  11:06  Overlord  
  139  11:12  Drone x5  
  139  11:13  Hydralisk  
  139  11:14  Hydralisk x6  
  157  11:21  Zergling x8  
  157  11:23  Hatchery  
  153  11:34  Spine Crawler  
  149  11:40  Hydralisk  
  149  11:41  Hydralisk x8  
  149  11:45  Zergling x10  
  162  11:53  Overseer  
  159  11:56  Overseer  
  159  11:57  Hydralisk  
  159  11:58  Hydralisk x3  
  167  12:02  Lurker  
  167  12:03  Lurker  
  157  12:17  Hydralisk  
Show
View Real Time Build Order
Export as new Build Order

PtitDrogo Protoss - Winner!

Build Orders: 1 Gate Expand 

Get SALT Encoding   

  12  0:01  Probe (Chrono Boost)  
  13  0:11  Probe (Chrono Boost)  
  14  0:17  Pylon  
  14  0:22  Probe (Chrono Boost)  
  16  0:35  Probe (Chrono Boost)  
  16  0:38  Gateway  
  16  0:46  Probe (Chrono Boost)  
  16  0:48  Assimilator  
  17  0:56  Probe (Chrono Boost)  
  18  1:07  Probe (Chrono Boost)  
  19  1:21  Nexus  
  19  1:24  Probe (Chrono Boost)  
  20  1:33  Cybernetics Core  
  20  1:36  Probe (Chrono Boost)  
  21  1:41  Assimilator  
  21  1:47  Probe (Chrono Boost)  
  22  1:53  Pylon  
  22  1:57  Probe (Chrono Boost)  
  23  2:10  Warp Gate  
  23  2:11  Probe, Stalker (Chrono Boost)  
  26  2:23  Probe  
  26  2:28  Twilight Council  
  27  2:33  Probe (Chrono Boost)  
  27  2:35  Probe (Chrono Boost)  
  29  2:37  Adept (Chrono Boost)  
  31  2:45  Probe (Chrono Boost)  
  31  2:47  Probe (Chrono Boost)  
  33  2:55  Probe (Chrono Boost)  
  33  2:57  Probe (Chrono Boost)  
  35  3:04  Probe (Chrono Boost), Adept, Resonating Glaives (Chrono Boost)  
  37  3:08  Probe  
  39  3:13  Gateway  
  39  3:15  Probe, Gateway  
  40  3:20  Probe  
  40  3:24  Pylon  
  40  3:26  Probe  
  41  3:31  Adept  
  41  3:32  Probe  
  45  3:36  Probe  
  46  3:45  Probe  
  46  3:46  Mothership Core  
  49  3:57  Probe, Nexus  
  49  3:59  Pylon  
  50  4:05  Probe  
  50  4:09  Probe  
  52  4:16  Probe  
  52  4:17  Adept x3  
  54  4:21  Probe  
  54  4:24  Pylon  
  60  4:26  Probe  
  60  4:30  Assimilator  
  61  4:32  Assimilator  
  61  4:33  Probe  
  61  4:34  Robotics Facility  
  62  4:40  Probe  
  63  4:45  Probe  
  63  4:48  Sentry x3  
  70  5:04  Probe  
  70  5:05  Probe  
  70  5:08  Probe  
  70  5:11  Forge  
  71  5:14  Probe  
  71  5:17  Probe  
  71  5:18  Sentry x2  
  71  5:19  Probe  
  78  5:25  Probe  
  78  5:26  Observer (Chrono Boost)  
  80  5:28  Pylon  
  80  5:29  Probe  
  80  5:31  Probe, Pylon  
  80  5:35  Blink, Probe  
  82  5:41  Probe  
  82  5:42  Immortal (Chrono Boost)  
  84  5:43  Probe  
  84  5:44  Phoenix  
  84  5:46  Assimilator  
  84  5:47  Probe, Protoss Ground Weapons Level 1 (Chrono Boost), Assimilator  
  90  5:53  Probe  
  90  5:55  Probe, Stalker, Pylon  
  94  5:59  Probe  
  94  6:04  Gateway x2  
  95  6:05  Gateway  
  95  6:06  Probe  
  95  6:07  Probe  
  95  6:08  Gateway  
  97  6:11  Probe  
  97  6:18  Probe  
  99  6:20  Probe  
  99  6:23  Probe  
  99  6:24  Immortal  
  101  6:30  Probe  
  106  6:35  Pylon, Robotics Bay  
  106  6:37  Pylon  
  102  6:40  Pylon  
  102  6:42  Pylon  
  102  6:48  Stalker x3  
  102  6:52  Gateway  
  108  6:54  Photon Cannon  
  108  6:56  Pylon  
  108  7:00  Pylon  
  108  7:05  Stalker x3  
  108  7:06  Stalker, Gateway  
  108  7:07  Immortal  
  116  7:08  Pylon  
  116  7:14  Stalker  
  122  7:19  Protoss Ground Weapons Level 2 (Chrono Boost)  
  122  7:20  Robotics Facility  
  122  7:30  Stalker x3  
  122  7:35  Photon Cannon  
  128  7:40  Stalker x3  
  128  7:43  Observer  
  134  7:44  Stalker  
  137  8:07  Disruptor x2 (Chrono Boost)  
  143  8:14  Photon Cannon  
  143  8:22  Stalker  
  143  8:23  Stalker  
  143  8:24  Stalker x3  
  152  8:31  Stalker x3  
  156  8:51  Stalker  
  156  8:52  Stalker x3  
  162  9:07  Pylon  
  157  9:10  Pylon  
  157  9:11  Disruptor (Chrono Boost)  
  157  9:13  Disruptor (Chrono Boost)  
  157  9:15  Stalker  
  157  9:26  Stalker x4  
  165  9:31  Zealot x4  
  151  9:47  Protoss Ground Weapons Level 3  
  144  9:55  Probe x2  
  144  9:57  Disruptor x2 (Chrono Boost), Assimilator  
  144  9:59  Stalker  
  149  10:06  Probe  
  147  10:08  Probe, Pylon  
  147  10:09  Pylon  
  147  10:12  Photon Cannon  
  146  10:15  Stalker x2  
  148  10:24  Pylon  
  148  10:28  Stalker x3  
  154  10:30  Disruptor x2 (Chrono Boost)  
  154  10:32  Photon Cannon  
  154  10:33  Probe  
  154  10:34  Photon Cannon  
  154  10:35  Probe, Pylon  
  162  11:01  Stalker x2, Disruptor (Chrono Boost)  
  162  11:02  Stalker x2  
  173  11:14  Stalker x3  
  173  11:15  Stalker  
  181  11:19  Nexus  
  181  11:20  Photon Cannon  
  181  11:22  Photon Cannon  
  180  11:25  Disruptor (Chrono Boost)  
  180  11:29  Pylon  
  175  11:41  Stalker x4  
  172  11:50  Disruptor (Chrono Boost)  
  172  11:53  Probe  
  174  11:56  Disruptor (Chrono Boost)  
  177  12:07  Photon Cannon  
  168  12:26  Stalker x4  
  168  12:34  Stalker x4  
Tags
 
Add a new tag
Caveats
  • Supply blocks, unpowered buildings, or Contaminate may cause inaccurate times.
  • Supply counts are checked every 10 seconds.